AoeStats
← Sodythaek

Arabia

510189392Analyzed
1v1 RM · 3d ago on Sep 29, 2026· 34m 3s· 2 players
Game mode
Random Map
Map size
Tiny (2 player)
Population
200
Speed
Normal
Resources
Standard
Victory
Conquest
Starting age
Dark Age
Ending age
Imperial Age
RankedLock teamsTeams togetherTeam positionsShared explorationLock speedFull tech treeHidden civsTurbo modeCheats
Victory
Defeat
🇫🇷 Spanish · France
1254
+16
🇨🇴 Chinese · Colombia
1254
-16
Andres_767
10:16 Feudal Age
11:34 Double-Bit Axe
12:12 Loom
17:57 Castle Age
18:41 Fletching
22:13 Wheelbarrow
24:49 Bodkin Arrow
25:39 Padded Archer Armor
26:57 Leather Archer Armor
26:36 Elite Skirmisher
Sodythaek
6:59 Loom
9:29 Feudal Age
10:16 Double-Bit Axe
12:35 Wheelbarrow
16:39 Horse Collar
18:49 Bloodlines
21:34 Castle Age
20:05 Stone Mining
20:07 Gold Mining
20:59 Bloodlines
21:22 Padded Archer Armor
22:38 Leather Archer Armor
22:26 Husbandry
22:58 Bow Saw
30:57 Hand Cart
32:39 Heavy Plow
36:47 Imperial Age
Connection lost

Rejoining the realm…

Still unreachable

The connection could not be restored.

Session expired

The server has moved on; the page needs a fresh start.